 Dungeon Crawl Stone Soup version 0.28-a0-1206-g193881aaa2 (webtiles) character file.

Game seed: 18278857131832881035

10 ytrimaz the Ducker (level 2, 22/22 HPs)
             Began as a Demonspawn Gladiator on Dec 20, 2021.
             Quit the game on level 1 of the Dungeon.
             The game lasted 00:00:19 (191 turns).

ytrimaz the Ducker (Demonspawn Gladiator)            Turns: 191, Time: 00:00:20

Health: 22/22      AC:  4    Str: 14    XL:     2   Next: 10%
Magic:  2/2        EV: 12    Int:  9    God:
Gold:   4          SH:  0    Dex: 14    Spells: 1/1 levels left

rFire   . . .      SeeInvis .   a - +0 rapier
rCold   . . .      Faith    .   (no shield)
rNeg    . . .      Spirit   .   b - +0 leather armour
rPois   .          Reflect  .   c - +0 helmet
rElec   .          Harm     .   (no cloak)
rCorr   .          Rampage  .   (no gloves)
Will    .....                   (no boots)
Stlth   +.........              (no amulet)
HPRegen 0.07/turn               (no ring)
MPRegen 0.08/turn               (no ring)

@: no status effects
A: foul stench 1
a: no special abilities


You were on level 1 of the Dungeon.
You visited 1 branch of the dungeon, and saw 1 of its levels.

You collected 4 gold pieces.

Inventory:

Hand Weapons
 a - a +0 rapier (weapon)
Missiles
 d - 3 throwing nets (quivered)
Armour
 b - a +0 leather armour (worn)
 c - a +0 helmet (worn)


   Skills:
 * Level 2.1 Fighting
 + Level 2.9 Short Blades
 - Level 1.7 Throwing
 * Level 0.4 Armour
 + Level 2.9 Dodging


You had one spell level left.
You didn't know any spells.
Your spell library was empty.

Dungeon Overview and Level Annotations

Branches:
Dungeon (1/15)

Altars:


Innate Abilities, Weirdness & Mutations

You may rarely emit foul miasma when damaged in melee.


Message History

The giant cockroach waves its antennae.
The goblin hits you but does no damage.
You closely miss the goblin. The goblin barely misses you.
You hit the goblin but do no damage. The goblin barely misses you.
You puncture the goblin!
You kill the goblin!
The jackal bites you.
You hit the jackal.
You kill the jackal!
You hit the giant cockroach.
The giant cockroach is moderately wounded.
The giant cockroach misses you.
Unknown command.
You hit the giant cockroach.
The giant cockroach is severely wounded.
The giant cockroach barely misses you.
You hit the giant cockroach but do no damage.
The giant cockroach is severely wounded.
The giant cockroach misses you. The giant cockroach bites you.
Unknown command.
You hit the giant cockroach.
You kill the giant cockroach!
You have reached level 2!
Your demonic ancestry asserts itself...
You begin to emit a foul stench of rot and decay.
Things that are here:
a +0 dagger; a jackal corpse; a jackal corpse HP restored.
Found an escape hatch in the floor.
You open the door.
There is an open door here.
A kobold comes into view. It is wielding a +0 whip.
The kobold shouts!
A kobold is nearby!
Found a stone staircase leading down.
You puncture the kobold!
You kill the kobold!
Things that are here:
a +0 whip; a kobold corpse Are you sure you want to abandon this character and quit the game? (Confirm with "yes".)

.. ..#.######### ..
..#.#.......# # #.
#.#.#.......# #.#.
#.#.#.......#
##.#.##.#.#.......#
>...?.#.#.#.>.....#
##.###....#.##'##.###
.......@)......##)#
##.#####..#..#.##.# #
............##.###...
...................##
#.#.............#####.
# #.####.#########....
#. #..# ##(...... #
##.# ##.....###
#.#####.###...(###..


There were no monsters in sight!

Vanquished Creatures
  A giant cockroach (D:1)
  A goblin (D:1)
  A hobgoblin (D:1)
  3 jackals (D:1)
  A kobold (D:1)
  A bat (D:1)
8 creatures vanquished.

Notes
Turn   | Place    | Note
-------+----------+-------------------------------------------
     0 | D:1      | ytrimaz the Demonspawn Gladiator began the quest for the
                  | Orb.
     0 | D:1      | Reached XP level 1. HP: 16/16 MP: 1/1
    89 | D:1      | Gained mutation: You may rarely emit foul miasma when
                  | damaged in melee. [demonic ancestry]
    89 | D:1      | Reached XP level 2. HP: 15/22 MP: 2/2
   191 | D:1      | Quit the game

Illustrated notes

Levels and vault maps discovered:
D:1:      dpeg_arrival_circle_labyrinth_c, layout_basic, serial_shops, shop

Action                   || total
-------------------------++-------
Melee: Rapier            ||    18
Armor: Leather armour    ||     3
Dodge: Dodged            ||    12

Table legend: (Time is in decaauts)
 A = Elapsed time spent in this place.
 B = Non-inter-level travel time spent in this place.
 C = Inter-level travel time spent in this place.
 D = Time resting spent in this place.
 E = Time spent auto-exploring this place.
 F = Levels seen in this place.
 G = Mean time per level.
                   A        B        C        D        E       F      G
               +--------+--------+--------+--------+--------+-----+--------+
         Total |    192 |    192 |      0 |      0 |    151 |   1 |  192.0 |
       Dungeon |    192 |    192 |      0 |      0 |    151 |   1 |  192.0 |
               +--------+--------+--------+--------+--------+-----+--------+

Top non-repeatable levels by time:
     D:1: 192 daAuts
